 Dungeon Crawl Stone Soup version 0.29-a0-834-g1e95ca9f62 (console) character file.

Game seed: 2762153543540569437

63 capslocke the Stinger (level 3, -1/16 HPs)
             Began as a Spriggan Venom Mage on July 13, 2022.
             Slain by Natasha (4 damage)
             ... on level 2 of the Dungeon.
             The game lasted 00:12:08 (2627 turns).

capslocke the Stinger (Spriggan Venom Mage)         Turns: 2627, Time: 00:12:09

Health: -1/16      AC:  2    Str:  4    XL:     3   Next: 87%
Magic:  4/9        EV: 17    Int: 16    God:
Gold:   100        SH:  0    Dex: 15    Spells: 6/9 levels left

rFire   . . .      SeeInvis +   p - +2 dagger (flame)
rCold   . . .      Faith    .   (no shield)
rNeg    . . .      Spirit   .   a - +0 robe
rPois   .          Reflect  .   (helmet restricted)
rElec   .          Harm     .   (no cloak)
rCorr   .          Rampage  .   (gloves unavailable)
Will    .....                   (boots unavailable)
Stlth   ++........              (no amulet)
HPRegen 0.05/turn               (no ring)
MPRegen 0.11/turn               (no ring)

@: very quick
A: very small, no large weapons, unfitting armour, see invisible, speed 3, horns
1, weak 1
a: no special abilities


You were on level 2 of the Dungeon.
You visited 1 branch of the dungeon, and saw 2 of its levels.

You collected 100 gold pieces.

Inventory:

Hand Weapons
 p - a +2 dagger of flaming (weapon)
Missiles
 g - 4 silver boomerangs
 i - 6 javelins
 l - 10 poisoned darts
Armour
 a - a +0 robe (worn)
 o - the +2 leather armour of Follow the Leader {Harm rN+ Str+4}
   (You took it off a hobgoblin on level 2 of the Dungeon)

   Str:       It affects your strength (+4).
   rN:        It protects you from negative energy.
   Harm:      It increases damage dealt and taken.
Scrolls
 c - a scroll of poison {unknown}
 e - a scroll of enchant armour {unknown}
 j - a scroll of torment {unknown}
 m - a scroll of noise {unknown}
 r - a scroll of enchant weapon {unknown}
Potions
 b - a potion of magic
 d - a potion of cancellation
 f - a potion of heal wounds {unknown}
 h - a potion of haste {unknown}
 k - a potion of brilliance {unknown}
 n - a potion of curing {unknown}
 q - 3 potions of mutation


   Skills:
 + Level 0.1 Fighting
 + Level 2.7 Dodging
 - Level 3.0 Stealth
 + Level 3.5 Spellcasting
 + Level 2.4 Transmutations
 + Level 0.3 Air Magic
 + Level 4.0 Poison Magic


You had 6 spell levels left.
You knew the following spells:

 Your Spells              Type           Power      Damage    Failure   Level
a - Sting                 Tmut/Pois      52%        1d5       4%          1
b - Poisonous Vapours     Pois/Air       18%        N/A       11%         2

Your spell library contained the following spells:

 Spells                   Type           Power      Damage    Failure   Level
 Wereblood                Tmut           10%        N/A       10%         2
 Sublimation of Blood     Necr           2%         N/A       26%         2
 Mephitic Cloud           Conj/Pois/Air  7%         N/A       30%         3
 Olgreb's Toxic Radiance  Pois           15%        N/A       34%         4
 Iskenderun's Battlesphe  Conj           2%         2d6       99%         5
 Iron Shot                Conj/Erth      1%         9d1       100%        6
 Spellforged Servitor     Conj/Summ      1%         N/A       100%        7
 Summon Hydra             Summ           1%         N/A       100%        7


Dungeon Overview and Level Annotations

Branches:
Dungeon (2/15)

Altars:

Annotations:
D:2 Natasha


Innate Abilities, Weirdness & Mutations

You are very small and have problems with some larger weapons.
You are too small for most types of armour.
You have supernaturally acute eyesight. (SInv)
You cover ground extremely quickly. (Speed+++)
You have a pair of small horns on your head.
You are weak. (Str -2)


Message History

Confirm with . or Enter, or press ? or * to list all spells.
Aiming: Poisonous Vapours (safe; 11% risk of failure)
Press: ? - help, Dir - move target, f - Natasha
Aim: Natasha You miscast Poisonous Vapours.
You are very lightly contaminated with residual magic.
Nothing appears to happen.
Natasha stares at you and mumbles some strange words.
The magic dart hits you.
Casting: Poisonous Vapours (safe; 11% risk of failure)
Confirm with . or Enter, or press ? or * to list all spells.
Aiming: Poisonous Vapours (safe; 11% risk of failure)
Press: ? - help, Dir - move target, f/p - Natasha
Aim: Natasha You miscast Poisonous Vapours.
Nothing appears to happen.
Casting: Poisonous Vapours (safe; 11% risk of failure)
Confirm with . or Enter, or press ? or * to list all spells.
Aiming: Sting (safe; 4% risk of failure)
Press: ? - help, Shift-Dir - straight line, f/p - Natasha
Aim: Natasha (64% to hit)
The sting hits Natasha.
Natasha is poisoned.
Natasha is moderately wounded.
Natasha casts a spell at you. The magic dart hits you.
It was a potion of mutation.
You feel extremely strange.
You feel weaker. A pair of horns grows on your head!
It was a potion of cancellation.
You feel magically purged.
Your magical contamination has completely faded away.
Natasha claws you.
* * * LOW HITPOINT WARNING * * *
Unknown command.
Okay, then.
You aren't carrying any items that you can evoke.
You barely miss Natasha.
Natasha is moderately wounded.
Natasha completely misses you.
You miss Natasha.
Natasha is moderately wounded.
Natasha claws you.
You die...

..#.. ##### ###. ....
.# #.. #.> ... .. #.#
.... #.####.#
.....#.#....######.#
..>....h..##.......#
.#....@..##.#######
...$....).##.#
##..####.###.# ..#
#.###.# . $.#...# # ..
####.#.# # ....
#....### #####.#..
...##.....#
.........#.#..........#


You could see Natasha (poisoned).

Vanquished Creatures
  An adder (D:2)
  A dart slug (D:1)
  2 ball pythons (D:1)
  7 endoplasms
  5 giant cockroaches
  3 hobgoblins
  5 jackals (D:1)
  5 quokkas
  4 bats
  2 goblins
  5 kobolds
  4 rats (D:1)
44 creatures vanquished.

Notes
Turn   | Place    | Note
-------+----------+-------------------------------------------
     0 | D:1      | capslocke the Spriggan Venom Mage began the quest for the
                  | Orb.
     0 | D:1      | Reached XP level 1. HP: 9/9 MP: 5/5
   466 | D:1      | Reached XP level 2. HP: 13/13 MP: 4/6
   714 | D:1      | Learned a level 2 spell: Poisonous Vapours
  1470 | D:1      | Reached XP level 3. HP: 16/16 MP: 3/8
  1590 | D:1      | Found a faded altar of an unknown god.
  2185 | D:2      | Identified the +2 leather armour of Follow the Leader {Harm
                  | rN+ Str+4}
  2607 | D:2      | Reached skill level 4 in Poison Magic
  2619 | D:2      | Noticed Natasha
  2624 | D:2      | Gained mutation: You are weak. (Str -2) [potion of
                  | mutation]
  2624 | D:2      | Gained mutation: You have a pair of small horns on your
                  | head. [potion of mutation]
  2627 | D:2      | Slain by Natasha

Illustrated notes

Levels and vault maps discovered:
D:1:      dpeg_arrival_round_a, layout_basic, shapermc_ecumenical_altar_pompeii,
          chequers_serial_rivers_small_b
D:2:      layout_basic, serial_glass, glass_columns_c, glass_columns_a,
          glass_columns_b, glass_columns_a, glass_columns_c,
          minmay_strange_pillars, uniq_natasha

Skill      XL: |  1  2  3 |
---------------+----------+-----
Spellcasting   | 3 |  3.5
Transmutations | 2 |  2.4
Poison Magic   | 4 |  4.0
Fighting       | |  0.1
Dodging        | |  2.7
Stealth        | |  3.0
Air Magic      | |  0.3

Action                   || total
-------------------------++-------
Melee: Unarmed           ||    39
       Dagger            ||    12
 Cast: Sting             ||    68
       Poisonous Vapours ||    10
  Use: Potion            ||     2
Armor: Robe              ||     5
Dodge: Dodged            ||    38

Table legend: (Time is in decaauts)
 A = Elapsed time spent in this place.
 B = Non-inter-level travel time spent in this place.
 C = Inter-level travel time spent in this place.
 D = Time resting spent in this place.
 E = Time spent auto-exploring this place.
 F = Levels seen in this place.
 G = Mean time per level.
                   A        B        C        D        E       F      G
               +--------+--------+--------+--------+--------+-----+--------+
         Total |   2196 |   2162 |     34 |    938 |    928 |   2 | 1098.0 |
       Dungeon |   2196 |   2162 |     34 |    938 |    928 |   2 | 1098.0 |
               +--------+--------+--------+--------+--------+-----+--------+

Top non-repeatable levels by time:
     D:1: 1669 daAuts
     D:2: 526 daAuts
